 Dungeon Crawl Stone Soup version 0.28-a0-1555-g9ae15a6949 (webtiles) character file.

Game seed: 12914815394585084413

932 sbbq2022 the Changer (level 7, -4/62 HPs)
             Began as a Deep Dwarf Transmuter on Jan 19, 2022.
             Was an Initiate of Makhleb.
             Slain by a centaur warrior zombie (6 damage)
             ... on level 7 of the Dungeon.
             The game lasted 00:13:36 (4926 turns).

sbbq2022 the Changer (Deep Dwarf Transmuter)        Turns: 4926, Time: 00:13:38

Health: -4/62      AC:  4    Str: 13    XL:     7   Next: 86%
Magic:  12/12      EV: 13    Int: 16    God:    Makhleb [......]
Gold:   357        SH:  0    Dex: 13    Spells: 10/13 levels left

rFire   + . .      SeeInvis .   a - +2 spear (venom)
rCold   . . .      Faith    .   (no shield)
rNeg    . . .      Spirit   .   q - +2 robe "Suel" {rElec}
rPois   .          Reflect  .   (no helmet)
rElec   +          Harm     .   (no cloak)
rCorr   .          Rampage  .   (no gloves)
Will    ++...                   (no boots)
Stlth   +.........              (no amulet)
HPRegen 0.00/turn               z - ring of protection from fire
MPRegen 0.13/turn               y - ring of willpower

@: no status effects
A: damage resistance, heal wounds, sense surroundings 1, no regeneration
a: Heal Wounds, Renounce Religion


You were on level 7 of the Dungeon.
You worshipped Makhleb.
Makhleb was noncommittal.
You visited 2 branches of the dungeon, and saw 8 of its levels.

You collected 357 gold pieces.

Inventory:

Hand Weapons
 a - a +2 spear of venom (weapon)
 b - the +7 hunting sling of Contradiction {speed, rPois}
   (You found it on level 5 of the Dungeon)

   Attacks with this weapon are significantly faster.
   rPois:     It protects you from poison.
 k - a +0 rapier
Missiles
 w - 95 stones
Armour
 l - a +0 leather armour
 q - the +2 robe "Suel" (worn) {rElec}
   (You found it on level 4 of the Dungeon)

   rElec:     It insulates you from electricity.
 A - a +0 buckler
Jewellery
 o - a ring of positive energy
 y - a ring of willpower (right hand)
 z - a ring of protection from fire (left hand)
Scrolls
 d - a scroll of immolation
 f - a scroll of fog
 g - 2 scrolls of magic mapping
 j - a scroll of teleportation
Potions
 c - 4 potions of attraction
 e - a potion of might
 h - 2 potions of flight
 m - a potion of cancellation
 n - a potion of berserk rage
 p - a potion of haste
 s - 2 potions of resistance
 t - a potion of brilliance
 x - 4 potions of curing


   Skills:
 + Level 3.2 Fighting
 + Level 3.6 Armour
 + Level 4.5 Dodging
 - Level 2.6 Unarmed Combat
 * Level 3.5 Spellcasting
 - Level 5.0 Transmutations


You had 10 spell levels left.
You knew the following spells:

 Your Spells              Type           Power      Damage    Failure   Level
a - Beastly Appendage     Tmut           36%        N/A       2%          1
b - Wereblood             Tmut           18%        N/A       3%          2

Your spell library contained the following spells:

 Spells                   Type           Power      Damage    Failure   Level
 Spider Form              Tmut/Pois      10%        N/A       19%         3
 Static Discharge         Conj/Air       2%         N/A       26%         2
 Ignite Poison            Fire/Tmut/Pois 8%         N/A       26%         3
 Conjure Flame            Conj/Fire      2%         6-21      47%         3
 Ice Form                 Ice/Tmut       10%        N/A       54%         4
 Sticky Flame             Conj/Fire      2%         2d3       87%         4
 Lightning Bolt           Conj/Air       1%         1d12      99%         5
 Maxwell's Capacitive Co  Air            1%         ∞         100%        8


Dungeon Overview and Level Annotations

Branches:
Dungeon (7/15)             Temple (1/1) D:5

Altars:
Ashenzari
Cheibriados
Hepliaklqana
Makhleb
Nemelex Xobeh
Okawaru
Ru
Trog
Uskayaw
Vehumet
Zin

Shops:
D:1 :   D:6 !

Annotations:
D:3 2 transporters, issech's ghost, amateur TrFi
D:6 Dowan


Innate Abilities, Weirdness & Mutations

You are resistant to damage.
You can heal yourself by infusing magical energy.
You passively map a small area around you.
You do not regenerate.


Message History

The centaur warrior zombie closely misses you.
You hit the centaur warrior zombie.
The centaur warrior zombie is severely damaged.
The centaur warrior zombie hits you but does no damage.
The centaur warrior zombie kicks you.
Unknown command.
You hit the centaur warrior zombie.
The centaur warrior zombie is severely damaged.
The centaur warrior zombie hits you but does no damage.
The centaur warrior zombie barely misses you.
The centaur warrior zombie hits you.
The centaur warrior zombie kicks you but does no damage.
Unknown command.
You hit the centaur warrior zombie but do no damage.
The centaur warrior zombie is severely damaged.
The centaur warrior zombie hits you.
* * * LOW HITPOINT WARNING * * *
The centaur warrior zombie barely misses you.
Unknown command.
You hit the centaur warrior zombie.
The centaur warrior zombie is almost destroyed.
The centaur warrior zombie hits you but does no damage.
The centaur warrior zombie kicks you.
Unknown command.
You hit the centaur warrior zombie.
The centaur warrior zombie is almost destroyed.
The centaur warrior zombie hits you but does no damage.
The centaur warrior zombie barely misses you.
The centaur warrior zombie completely misses you.
The centaur warrior zombie kicks you but does no damage.
Unknown command.
You hit the centaur warrior zombie.
The centaur warrior zombie is almost destroyed.
The centaur warrior zombie barely misses you.
The centaur warrior zombie kicks you.
Unknown command.
You hit the centaur warrior zombie.
The centaur warrior zombie is almost destroyed.
The centaur warrior zombie hits you!
You die...

##.####..........##.#
, ##.....#####. #.#
*#.......# #.#
*#.##.##.####.##.# *
#.*#............#
#.*#.##.####.###
#.##.##.#
#.......####.
####.@.......#
#Z######### * * #( ,
#( , * #( , * #(* .(
, , .., , ,


You could see a centaur warrior zombie.

Vanquished Creatures
  2 water moccasins
  A black bear (D:5)
  An ogre (D:5)
  A phantom (D:5)
  A water moccasin skeleton (D:5)
  A howler monkey (D:5)
  A hound (D:3)
  2 bullfrog skeletons
  2 iguanas
  2 orc wizards
  5 gnolls (D:3)
  6 adders
  A howler monkey skeleton (D:4)
  A shadow imp (D:5)
  3 dart slugs
  2 worms (D:2)
  8 orcs
  9 ball pythons
  8 bats
  4 endoplasms
  2 giant cockroaches (D:1)
  5 goblins
  4 hobgoblins
  3 jackals (D:1)
  4 quokkas (D:2)
  3 frilled lizards
  5 kobolds
  4 rats
91 creatures vanquished.

Vanquished Creatures (others)
  7 plants (D:7)
7 creatures vanquished.

Grand Total: 98 creatures vanquished

Notes
Turn   | Place    | Note
-------+----------+-------------------------------------------
     0 | D:1      | sbbq2022 the Deep Dwarf Transmuter began the quest for the
                  | Orb.
     0 | D:1      | Reached XP level 1. HP: 16/16 MP: 3/3
    51 | D:1      | Reached skill level 1 in Fighting
    51 | D:1      | Reached skill level 2 in Transmutations
    67 | D:1      | Reached XP level 2. HP: 20/25 MP: 2/4
   100 | D:1      | Learned a level 2 spell: Wereblood
   295 | D:1      | Found Daepsil's Book Shoppe.
   394 | D:1      | Reached skill level 1 in Armour
   738 | D:2      | Reached XP level 3. HP: 28/31 MP: 3/6
  1459 | D:2      | Reached XP level 4. HP: 31/38 MP: 4/7
  1927 | D:3      | Found a broken altar of Ashenzari.
  1927 | D:3      | Found a hazy altar of Hepliaklqana.
  2058 | D:3      | Found a bloodstained altar of Trog.
  2086 | D:3      | Reached skill level 3 in Transmutations
  2522 | D:3      | Found a faded altar of an unknown god.
  2532 | D:3      | Reached XP level 5. HP: 21/45 MP: 4/8
  2702 | D:4      | Noticed a water moccasin
  2713 | D:4      | Killed a water moccasin
  2738 | D:4      | Reached XP level 6. HP: 29/52 MP: 5/9
  2761 | D:4      | Identified the +2 robe "Suel" {rElec}
  3218 | D:4      | Found an iron altar of Okawaru.
  3427 | D:5      | Entered Level 5 of the Dungeon
  3446 | D:5      | Reached skill level 4 in Transmutations
  3449 | D:5      | Found a staircase to the Ecumenical Temple.
  3458 | Temple   | Entered the Ecumenical Temple
  3490 | Temple   | Became a worshipper of Makhleb the Destroyer
  3615 | D:5      | Reached XP level 7. HP: 59/61 MP: 6/11
  3713 | D:5      | Identified the +7 hunting sling of Contradiction {speed,
                  | rPois}
  4128 | D:3      | Found a transporter.
  4133 | D:3      | Noticed issech's ghost (amateur TrFi)
  4134 | D:3      | Found a transporter.
  4502 | D:6      | Noticed a steam dragon
  4502 | D:6      | Found Bunan's Distillery.
  4593 | D:5      | Reached skill level 5 in Transmutations
  4679 | D:6      | Noticed Dowan
  4739 | D:6      | Noticed a steam dragon
  4919 | D:7      | HP: 3/62 [centaur warrior zombie (2)]
  4926 | D:7      | Slain by a centaur warrior zombie

Illustrated notes

Levels and vault maps discovered:
D:1:      giann_forest_graveyard, layout_basic, serial_shops, shop_statue
D:2:      layout_basic, kennysheep_decorative_pillar, wad_floor_pattern_2,
          nicolae_wormholes
D:3:      layout_rooms, grunt_temple_overflow_open,
          ebering_ecumenical_altar_hall, gammafunk_ghost_mausoleum
D:4:      layout_basic, okawaru_trees_2
D:5:      layout_rooms, temple_statues
D:6:      layout_rooms, serial_shops, shop, chequers_serial_rivers_marsh,
          uniq_duvessa, uniq_eustachio
D:7:      layout_loops_corners, nicolae_ossuary_entry_plus,
          minmay_shop_grid_forest, minmay_lizard_king, uniq_harold
Temple:   nicolae_temple_elliptical

Skill      XL: |  1  2  3  4  5  6  7 |
---------------+----------------------+-----
Fighting       | 1 2 3 |  3.2
Transmutations | 2 3 4 5 |  5.0
Armour         | 1 2 3 |  3.6
Spellcasting   | 2 3 |  3.5
Dodging        | 3 4 |  4.5
Unarmed Combat | |  2.6

Action                   |  1- 3 |  4- 6 |  7- 9 || total
-------------------------+-------+-------+-------++-------
Melee: Unarmed           |   102 |       |       ||   102
       Kick              |    24 |    34 |     3 ||    61
       Headbutt          |    15 |    12 |     1 ||    28
       Punch             |     4 |     5 |       ||     9
       Rapier            |    21 |   129 |     8 ||   158
       Spear             |       |       |    55 ||    55
 Fire: Hunting sling     |       |       |    33 ||    33
 Cast: Beastly Appendage |    25 |    21 |     1 ||    47
       Wereblood         |    12 |    20 |     6 ||    38
Evoke: Wand              |       |     7 |     1 ||     8
  Use: Scroll            |       |       |    15 ||    15
       Potion            |       |       |     1 ||     1
 Stab: Sleeping          |     2 |       |       ||     2
       Paralysed         |       |    23 |     4 ||    27
Armor: Robe              |    28 |    20 |    19 ||    67
       Leather armour    |       |    21 |       ||    21
Dodge: Dodged            |    91 |   104 |    41 ||   236

Table legend: (Time is in decaauts)
 A = Elapsed time spent in this place.
 B = Non-inter-level travel time spent in this place.
 C = Inter-level travel time spent in this place.
 D = Time resting spent in this place.
 E = Time spent auto-exploring this place.
 F = Levels seen in this place.
 G = Mean time per level.
                   A        B        C        D        E       F      G
               +--------+--------+--------+--------+--------+-----+--------+
         Total |   4962 |   4440 |    522 |    217 |   2871 |   8 |  620.2 |
       Dungeon |   4911 |   4406 |    505 |    217 |   2848 |   7 |  701.6 |
        Temple |     50 |     33 |     17 |      0 |     23 |   1 |   50.0 |
               +--------+--------+--------+--------+--------+-----+--------+

Top non-repeatable levels by time:
     D:2: 1462 daAuts
     D:3: 941 daAuts
     D:1: 840 daAuts
     D:5: 699 daAuts
     D:4: 676 daAuts
     D:6: 180 daAuts
     D:7: 109 daAuts
  Temple: 50 daAuts
